 Dungeon Crawl Stone Soup version 0.31-a0-142-g31f6795574 (webtiles) character file.

Game seed: 4598240348611559735

29925 Conn the Thaumaturge (level 13, -10/79 HPs)
             Began as an Octopode Fire Elementalist on June 3, 2023.
             Was an Elder of Sif Muna.
             Mangled by Sintarzus's ghost (14 damage)
             ... on level 2 of the Lair of Beasts.
             The game lasted 01:03:38 (18274 turns).

Conn the Thaumaturge (Octopode Fire Elementalist)  Turns: 18274, Time: 01:03:38

Health: -10/79     AC:  9    Str:  8    XL:     13   Next: 48%
Magic:  0/28       EV: 15    Int: 28    God:    Sif Muna [****..]
Gold:   1049       SH:  4    Dex: 20    Spells: 1/34 levels left

rFire   + . .        o - +2 short sword (protect)
rCold   + . .        O - +0 buckler
rNeg    + . .        l - +1 hat "Buihohai" {rC+ Dex+2}
rPois   .            q - amulet of guardian spirit
rElec   .            p - ring of wizardry
rCorr   .            G - ring of protection from fire
SInv    .            M - +6 ring of dexterity
Will    .....        R - +6 ring of intelligence
Stlth   +++++        P - ring of positive energy
HPRegen 0.33/turn    (no ring)
MPRegen 0.21/turn    (no ring)
                     (no ring)

%: guardian spirit, wizardry (x1)
@: under a protective aura
A: almost no armour, amphibious, 8 rings, camouflage 1, gelatinous body 1,
(nimble swimmer 1), tentacles
a: Renounce Religion, Channel Magic, Forget Spell, Divine Exegesis


You were on level 2 of the Lair of Beasts.
You worshipped Sif Muna.
Sif Muna was greatly pleased with you.
You visited 3 branches of the dungeon, and saw 19 of its levels.

You collected 1049 gold pieces.

Inventory:

Hand Weapons
 e - a +0 short sword
 o - a +2 short sword of protection (weapon)
 J - the +0 dagger of Circularity {spect, rC+ rN+ Str+2 Int+3}
   (You found it on level 10 of the Dungeon)

   Str:       It affects your strength (+2).
   Int:       It affects your intelligence (+3).
   rC:        It protects you from cold.
   rN:        It protects you from negative energy.
Missiles
 b - 17 poisoned darts (quivered)
 H - 5 throwing nets
Armour
 h - a +0 kite shield
 l - the +1 hat "Buihohai" (worn) {rC+ Dex+2}
   (You acquired it on level 8 of the Dungeon)

   Dex:       It affects your dexterity (+2).
   rC:        It protects you from cold.
 n - a +2 hat
 O - a +0 buckler (worn)
Jewellery
 p - a ring of wizardry (left tentacle)
 q - an amulet of guardian spirit (around mantle)
 y - an amulet of regeneration
 G - a ring of protection from fire (right tentacle)
 K - an amulet of the acrobat
 M - a +6 ring of dexterity (on tentacle)
 N - a ring of ice
 P - a ring of positive energy (on tentacle)
 R - a +6 ring of intelligence (on tentacle)
Wands
 t - a wand of polymorph (7)
 u - a wand of flame (24)
 v - a wand of acid (15)
 A - a wand of mindburst (52)
 T - a wand of iceblast (6)
Scrolls
 d - a scroll of immolation
 g - 3 scrolls of enchant armour
 i - 4 scrolls of teleportation
 m - 2 scrolls of brand weapon
 s - 2 scrolls of torment
 x - 2 scrolls of amnesia
 B - 2 scrolls of fog
 D - 2 scrolls of poison
 E - a scroll of magic mapping
 F - a scroll of fear
 L - a scroll of enchant weapon
 U - 2 scrolls of silence
Potions
 a - a potion of magic
 c - a potion of heal wounds
 f - 3 potions of might
 j - 3 potions of enlightenment
 k - 5 potions of curing
 r - 2 potions of brilliance
 w - 2 potions of haste
 z - 2 potions of mutation
 C - a potion of attraction
 I - a potion of invisibility
 Q - a potion of berserk rage


   Skills:
 + Level 3.7 Fighting
 + Level 3.7 Short Blades
 + Level 2.0 Throwing
 * Level 5.0 Dodging
 + Level 8.0 Stealth
 + Level 11.0 Spellcasting
 * Level 7.3 Conjurations
 + Level 3.2 Hexes
 + Level 7.8 Translocations
 + Level 10.8 Fire Magic
 * Level 8.8 Invocations
 + Level 0.9 Evocations


You had one spell level left.
You knew the following spells:

 Your Spells              Type           Power      Damage    Failure   Level
a - Foxfire               Conj/Fire      100%       2x1d9     1%          1
b - Scorch                Fire           100%       2d9       1%          2
c - Inner Flame           Hex/Fire       53%        N/A       1%          3
d - Flame Wave            Conj/Fire      60%        2d14      1%          4
e - Swiftness             Air            15%        N/A       7%          3
f - Teleport Other        Tloc           56%        N/A       1%          3
g - Fireball              Conj/Fire      30%        3d13      1%          5
h - Starburst             Conj/Fire      30%        6d9       9%          6
i - Dispersal             Tloc           28%        N/A       16%         6

Your spell library contained the following spells:

 Spells                   Type           Power      Damage    Failure   Level
 Shock                    Conj/Air       100%       1d9       1%          1
 Slow                     Hex            100%       N/A       1%          1
 Necrotise                Necr           60%        1d7       2%          1
 Confusing Touch          Hex            33%        N/A       1%          3
 Gell's Gravitas          Tloc           56%        N/A       1%          3
 Volatile Blastmotes      Fire/Tloc      100%       2d18      1%          3
 Sticky Flame             Conj/Fire      60%        2d8       1%          4
 Vampiric Draining        Necr           15%        2d7       7%          3
 Airstrike                Air            7%         2d(2-18)  22%         4
 Plasma Beam              Fire/Air       22%        2x1d34    34%         6
 Agony                    Necr           15%        N/A       52%         5


Dungeon Overview and Level Annotations

Branches:
Dungeon (15/15)            Temple (1/1) D:4            Lair (3/5) D:11
  Swamp (0/4) Lair:3          Orc (0/2) D:9
  Snake: Lair:2-3    Spider: Lair:2-3    Vaults: D:13-14     Depths: D:15

Altars:
Ashenzari
Cheibriados
Dithmenos
Elyvilon
Fedhas
Gozag
Hepliaklqana
Kikubaaqudgha
Okawaru
Qazlal
Ru
Sif Muna
Trog
Uskayaw
Wu Jian
Xom
Yredelemnul
The Shining One

Shops:
D:8 (

Annotations:
D:3 3 runed translucent doors, dazzle's ghost, amateur DsFi
D:8 1 runed translucent door, blade888's ghost, novice DsCj
D:11 2 transporters
Lair:2 Sintarzus's ghost, journeyman MfMo


Innate Abilities, Weirdness & Mutations

You cannot wear most types of armour.
You are amphibious.
You can wear up to eight rings at the same time.
Your skin changes colour to match your surroundings (Stealth+).
Your rubbery body absorbs attacks. (AC +1, EV +1)
((You are camouflaged when in or above water. (Stealth+)))
You have tentacles for arms and can constrict up to eight enemies at once.


Message History

The pharaoh ant binds the souls of nearby monsters. (Press . to intensify the flame waves.)
A yak comes into view.
Your Dodging skill increases to level 5!
Unknown command.
Unknown command.
The yak's soul is no longer bound.
Things that are here:
a blink frog skeleton; a wolf skeleton The yak's soul is no longer bound.
The yak's soul is no longer bound.
The yak completely misses the bush.
There is a stone staircase leading up here.
Casting: Flame Wave (mildly dangerous; 1% risk of failure)
Confirm with . or Enter, or press ? or * to list all spells.
Okay, then.
Okay, then.
Casting: Flame Wave (mildly dangerous; 1% risk of failure)
Confirm with . or Enter, or press ? or * to list all spells.
Flames lash the yak.
The yak is lightly wounded.
The yak's fire resistance burns away.
You hear a bellow!
Unknown command.
You hit the yak.
Your weapon exudes an aura of protection.
The yak is moderately wounded.
The yak closely misses you. The yak misses you.
You climb upwards.
Level annotation: Sintarzus's ghost, journeyman MfMo The eight-headed hydra closely misses you. x2
The eight-headed hydra bites you. The eight-headed hydra bites you! x3
* * * LOW HITPOINT WARNING * * *
The eight-headed hydra bites you!
* * * LOW HITPOINT WARNING * * *
The eight-headed hydra bites you.
* * * LOW HITPOINT WARNING * * *
Sintarzus's ghost hits you!
You die...

....#.# ##.P..)##..~≈≈≈≈≈≈~..#
....#######...#####.≈≈≈≈≈÷≈~.~#
#....##....#.##.###≈≈≈≈≈≈≈≈≈~.#
......#..........##.~≈≈~≈≈≈≈~.#
..................#..~≈..~≈~..#
.......#..........##.~.<.~~..##
..[..#...........##.#.......##
.......#.......DW####....#..#
.....###.....[..@# #...###.##
......##.......Y.# #...# #..# ###
......##.........####..###.P###.#
...#####...........###...........
.D..##.#...................P..###
..#.###..........#####..##..### #
.....#####.#.....# ####...#
##.W..# ####.#.## ##..# .###..#
####.....### ####.##


You could see an eight-headed hydra, a yak (combustible) and Sintarzus's ghost.

Vanquished Creatures
  Harold (D:9)
  A hydra (Lair:3)
  2 boulder beetles
  3 two-headed ogres
  A pharaoh ant (Lair:3)
  A skyshark (Lair:2)
  Pikel (D:5)
  3 ugly things
  4 cyclopes
  3 manticores
  2 black mambas
  A gargoyle (D:10)
  Joseph (D:9)
  An unseen horror (D:11)
  4 cane toads
  Psyche (D:11)
  4 komodo dragons
  5 trolls
  A polar bear (shapeshifter) (D:14)
  A hellwing (D:11)
  2 tyrant leeches (Lair:3)
  5 blink frogs (Lair:3)
  2 vampires
  4 wraiths
  2 jumping spiders (Lair:3)
  A spriggan (D:12)
  25 yaks
  2 wyverns
  A ynoxinul (D:11)
  A steam dragon (D:8)
  3 vampire mosquitoes (D:13)
  A basilisk (Lair:2)
  A death yak simulacrum (Lair:2)
  2 acid dragons (D:11)
  A hydra simulacrum (Lair:2)
  8 water moccasins
  Duvessa (D:4)
  2 black bears
  An ice beast (D:5)
  7 orc warriors
  3 sky beasts
  2 ogres (D:4)
  11 wolves
  5 centaurs
  A lemure (D:5)
  A phantom (D:6)
  2 gnoll sergeants
  2 kobold brigands
  11 bullfrogs
  4 scorpions
  13 wights
  Dowan (D:4)
  6 howler monkeys
  9 electric eels
  4 quasits (D:11)
  4 hounds
  2 jellies
  Ijyb (D:5)
  3 orc priests
  A sleepcap (D:3)
  3 iguanas
  8 orc wizards
  A basilisk simulacrum (Lair:2)
  11 gnolls
  9 adders
  A shadow imp (D:6)
  A white imp (D:8)
  An ufetubus (D:5)
  2 dart slugs (D:2)
  27 orcs
  3 ball pythons (D:1)
  7 endoplasms
  A giant cockroach (D:2)
  9 goblins
  6 hobgoblins
  15 kobolds
  7 quokkas
  5 bats
  3 rats
319 creatures vanquished.

Vanquished Creatures (collateral kills)
  5 foxfires (Lair:2)
5 creatures vanquished.

Vanquished Creatures (others)
  803 foxfires
803 creatures vanquished.

Grand Total: 1127 creatures vanquished

Notes
Turn   | Place    | Note
-------+----------+-------------------------------------------
     0 | D:1      | Conn the Octopode Fire Elementalist began the quest for the
                  | Orb.
     0 | D:1      | Reached XP level 1. HP: 11/11 MP: 3/3
   163 | D:1      | Reached XP level 2. HP: 17/17 MP: 1/5
   567 | D:1      | Found a faded altar of an unknown god.
  1106 | D:2      | Reached XP level 3. HP: 20/21 MP: 3/6
  1519 | D:2      | Reached XP level 4. HP: 27/27 MP: 3/8
  1622 | D:2      | Reached skill level 3 in Spellcasting
  1837 | D:3      | Found a white marble altar of Elyvilon.
  1977 | D:3      | Noticed dazzle's ghost (amateur DsFi)
  1979 | D:3      | Found a runed translucent gate.
  1979 | D:3      | Found a runed translucent gate.
  1980 | D:3      | Found a runed translucent gate.
  1986 | D:3      | Learned a level 2 spell: Scorch
  1990 | D:3      | Learned a level 3 spell: Inner Flame
  2088 | D:3      | Found an iron altar of Okawaru.
  2157 | D:3      | Reached XP level 5. HP: 23/31 MP: 4/9
  2266 | D:3      | Found a glowing golden altar of the Shining One.
  2359 | D:3      | Found a basalt altar of Yredelemnul.
  2806 | D:3      | Learned a level 4 spell: Flame Wave
  2848 | D:4      | Found a staircase to the Ecumenical Temple.
  2863 | Temple   | Entered the Ecumenical Temple
  2903 | Temple   | Became a worshipper of Sif Muna the Loreminder
  2994 | D:4      | Noticed an ogre
  3061 | D:4      | Reached XP level 6. HP: 36/36 MP: 8/11
  3346 | D:4      | Reached skill level 1 in Short Blades
  3397 | D:4      | Noticed Duvessa
  3397 | D:4      | Noticed Dowan
  3408 | D:4      | Killed Dowan
  3409 | D:4      | Reached skill level 4 in Spellcasting
  3409 | D:4      | Reached XP level 7. HP: 39/42 MP: 3/13
  3411 | D:4      | Killed Duvessa
  3444 | D:4      | Reached skill level 1 in Fighting
  3444 | D:4      | Reached skill level 5 in Fire Magic
  4007 | D:5      | Entered Level 5 of the Dungeon
  4286 | D:5      | Reached XP level 8. HP: 48/48 MP: 10/15
  4399 | D:5      | Noticed Ijyb
  4407 | D:5      | Killed Ijyb
  4407 | D:5      | Reached * piety under Sif Muna
  4521 | D:5      | Reached skill level 5 in Stealth
  4521 | D:5      | Reached skill level 5 in Spellcasting
  4608 | D:5      | Noticed Pikel
  4615 | D:5      | Killed Pikel
  4764 | D:5      | Reached skill level 6 in Spellcasting
  4909 | D:6      | Reached skill level 1 in Hexes
  4913 | D:6      | Reached XP level 9. HP: 53/53 MP: 0/18
  5209 | D:6      | Learned a level 3 spell: Swiftness
  5213 | D:6      | Learned a level 3 spell: Teleport Other
  5257 | D:6      | Reached skill level 1 in Translocations
  5913 | D:7      | Reached skill level 1 in Invocations
  6035 | D:6      | Reached skill level 5 in Conjurations
  6171 | D:7      | Reached ** piety under Sif Muna
  6440 | D:7      | Reached skill level 7 in Spellcasting
  6954 | D:8      | Noticed a cyclops
  7012 | D:8      | Reached XP level 10. HP: 58/60 MP: 9/20
  7094 | D:8      | Identified 2 scrolls of acquirement
  7096 | D:8      | Acquired a book of Fire
  7104 | D:8      | Learned a level 5 spell: Fireball
  7108 | D:8      | Acquired the +1 hat "Buihohai" {rC+ Dex+2}
  7236 | D:8      | Noticed a skeletal warrior
  7528 | D:8      | Killed a cyclops
  7987 | D:8      | Found a runed translucent door.
  7987 | D:8      | Found a shimmering altar of Xom.
  7987 | D:8      | Noticed blade888's ghost (novice DsCj)
  7988 | D:8      | Noticed a +1 rapier of chaos
  8143 | D:8      | Found Furouxo's Antique Weapon Boutique.
  8824 | D:9      | Noticed Joseph
  8831 | D:9      | Killed Joseph
  8983 | D:9      | Noticed Harold
  8991 | D:9      | Killed Harold
  8992 | D:9      | Reached skill level 8 in Spellcasting
  9418 | D:9      | Reached skill level 5 in Invocations
  9426 | D:9      | Reached skill level 1 in Throwing
  9428 | D:9      | Reached XP level 11. HP: 52/65 MP: 1/23
  9470 | D:9      | Reached *** piety under Sif Muna
  9769 | D:9      | Found a hide-covered altar of Uskayaw.
  9770 | D:9      | Found a broken altar of Ashenzari.
  9774 | D:9      | Found an opulent altar of Gozag.
  9996 | D:9      | Found a staircase to the Orcish Mines.
 10426 | D:10     | Entered Level 10 of the Dungeon
 10430 | D:10     | Reached skill level 5 in Translocations
 10649 | D:10     | Noticed a two-headed ogre
 10657 | D:10     | Killed a two-headed ogre
 10782 | D:10     | Found an ancient bone altar of Kikubaaqudgha.
 10853 | D:10     | Identified the +0 dagger of Circularity {spect, rC+ rN+
                  | Str+2 Int+3}
 11141 | D:10     | Identified the +3 leather armour of Day {rCorr}
 11510 | D:11     | Reached skill level 9 in Spellcasting
 11573 | D:11     | Found a staircase to the Lair.
 11605 | D:11     | Learned a level 6 spell: Starburst
 11643 | D:11     | Noticed Psyche
 11652 | D:11     | Killed Psyche
 12069 | D:11     | Found a transporter.
 12074 | D:11     | Found a transporter.
 12107 | D:11     | Noticed a cyan ugly thing
 12110 | D:11     | Noticed a manticore
 12116 | D:11     | Killed a cyan ugly thing
 12117 | D:11     | Reached XP level 12. HP: 58/72 MP: 2/25
 12126 | D:11     | Reached **** piety under Sif Muna
 12450 | D:11     | Found a transporter.
 12466 | D:11     | Found a transporter.
 12717 | D:12     | Noticed a two-headed ogre
 12723 | D:12     | Killed a two-headed ogre
 12953 | D:12     | Noticed a two-headed ogre
 12962 | D:12     | Killed a two-headed ogre
 12989 | D:12     | You fall into a shaft and drop 3 floors!
 12989 | D:15     | Entered Level 15 of the Dungeon
 13319 | D:12     | Noticed a boulder beetle
 13339 | D:12     | Killed a boulder beetle
 13500 | D:12     | Reached skill level 10 in Spellcasting
 14569 | D:13     | Noticed a two-headed ogre
 14740 | Lair:1   | Entered Level 1 of the Lair of Beasts
 15227 | Lair:1   | Reached skill level 10 in Fire Magic
 15672 | Lair:2   | Found the +10 Black Knight's barding {ponderous, rPois rN+}
 15703 | Lair:2   | Noticed a skyshark
 15708 | Lair:2   | Killed a skyshark
 15776 | Lair:2   | Found a runed translucent gate.
 15776 | Lair:2   | Found a runed translucent gate.
 15776 | Lair:2   | Found a runed translucent gate.
 15797 | Lair:2   | Noticed a boulder beetle
 15958 | Lair:2   | Reached XP level 13. HP: 75/78 MP: 11/27
 16776 | Lair:2   | Noticed Sintarzus's ghost (journeyman MfMo)
 17341 | Lair:2   | Learned a level 6 spell: Dispersal
 17887 | Lair:3   | Found a staircase to the Swamp.
 18194 | Lair:3   | Reached skill level 11 in Spellcasting
 18238 | Lair:3   | Reached skill level 5 in Dodging
 18274 | Lair:2   | Mangled by Sintarzus's ghost

Illustrated notes

Levels and vault maps discovered:
D:1:      dpeg_arrival_rooms_with_view, layout_loops_ring,
          chequers_ecumenical_altar_simple
D:2:      layout_rooms
D:3:      layout_rooms, mainiacjoe_overflow_alcove_4, yredelemnul_altar_generic,
          amcnicky_altar_gilded, mainiacjoe_overflow_six_doors_small,
          ebering_ghost_rock_garden, serial_co_window_serial, co_window_paths_a,
          co_window_corner_a, co_window_paths_b, co_window_paths_a,
          co_window_of_opportunity_a, co_window_broadway_c, co_window_cross_2,
          co_window_of_opportunity_c, co_window_unsneaky_path_c,
          co_window_unsneaky_path_c, co_window_of_opportunity_c,
          co_window_paths_e, glass_columns_b, glass_columns_a,
          nicolae_underground_beach
D:4:      layout_basic, minmay_temple_entry_sparse_star, kennysheep_crisscross,
          uniq_duvessa
D:5:      layout_loops_ring, uniq_ijyb, uniq_pikel
D:6:      layout_basic
D:7:      layout_cave_pools, minmay_holes, serial_bayou_crossing
D:8:      cheibrodos_two_vegetables, layout_basic, ebering_ghost_xom,
          serial_shops, shop_fountains
D:9:      layout_loops_ring, minitemple, orc_0_dummy, uniq_joseph, uniq_erolcha,
          uniq_harold
D:10:     layout_rooms, nicolae_overflow_crystal_walls
D:11:     kennysheep_ambush_hall, layout_rooms, lair_entry_dummy,
          serial_demonic, serial_demonic_e, serial_demonic_a, serial_demonic_d,
          serial_demonic_f, serial_demonic_g, minmay_statues_item,
          nicolae_diode_intersection, uniq_psyche
D:12:     layout_layer_cave, gauntlet_entry_generic, the_hattery
D:13:     layout_basic, david_vaults_1
D:14:     layout_basic, uniq_rupert
D:15:     grunt_enter_depths_hoard, layout_basic
Temple:   compressed_dpeg_circular_temple
Lair:1:   layout_roguey
Lair:2:   layout_roguey, gammafunk_ghost_icy, infiniplex_staircase_pool,
          serial_bayou_shore_a
Lair:3:   layout_gridlike, minmay_swamp_entry_worms,
          nicolae_spider_entry_lesser_pyramids, beast_lair_carwin_11

Skill      XL: |  1  2  3  4  5  6  7  8  9 10 11 12 13 |
---------------+----------------------------------------+-----
Stealth        | 3 4 5 6 7 8 |  8.0
Spellcasting   | 3 4 6 7 8 9 10 11 | 11.0
Conjurations   | 2 3 4 5 6 7 |  7.3
Fire Magic     | 4 5 6 7 8 9 10 | 10.8
Short Blades   | 1 2 3 |  3.7
Fighting       | 1 2 3 |  3.7
Dodging        | 3 4 5 |  5.0
Hexes          | 1 2 3 |  3.2
Translocations | 2 4 6 7 |  7.8
Invocations    | 3 5 6 8 |  8.8
Throwing       | 1 2 |  2.0
Evocations     | |  0.9

Action                     |  1- 3 |  4- 6 |  7- 9 | 10-12 | 13-15 || total
---------------------------+-------+-------+-------+-------+-------++-------
  Melee: Unarmed           |     4 |       |       |       |       ||     4
         Constrict         |     2 |    10 |    15 |    12 |     3 ||    42
         Short sword       |     3 |    47 |    75 |    60 |    13 ||   198
         Tentacles         |     1 |    13 |    15 |    15 |     4 ||    48
         Punch             |       |     2 |     1 |     1 |       ||     4
         Dagger            |       |       |       |     6 |     5 ||    11
  Throw: Dart              |     1 |     3 |       |     5 |     2 ||    11
         Boomerang         |       |       |     3 |       |       ||     3
   Cast: Foxfire           |    67 |    46 |    70 |   178 |   101 ||   462
         Scorch            |       |     5 |    23 |    56 |    28 ||   112
         Inner Flame       |       |     2 |     6 |    28 |     8 ||    44
         Flame Wave        |       |       |    12 |    44 |     9 ||    65
         Fireball          |       |       |       |    19 |     5 ||    24
         Starburst         |       |       |       |     3 |     4 ||     7
         Teleport Other    |       |       |       |       |     3 ||     3
 Invoke: Channel Magic     |       |       |       |     4 |     2 ||     6
  Evoke: Wand              |       |       |       |     7 |     4 ||    11
    Use: Potion            |       |     1 |     1 |     4 |     2 ||     8
         Scroll            |       |       |       |    22 |     4 ||    26
   Stab: Sleeping          |       |     7 |     4 |     7 |     3 ||    21
         Distracted        |       |       |     1 |     2 |       ||     3
 Armour: Skin              |     2 |    12 |    74 |    78 |     7 ||   173
  Dodge: Dodged            |    17 |    34 |    74 |   100 |    51 ||   276
  Block: Buckler           |       |       |       |     1 |     6 ||     7

Table legend: (Time is in decaauts)
 A = Elapsed time spent in this place.
 B = Non-inter-level travel time spent in this place.
 C = Inter-level travel time spent in this place.
 D = Time resting spent in this place.
 E = Time spent auto-exploring this place.
 F = Levels seen in this place.
 G = Mean time per level.
                   A        B        C        D        E       F      G
               +--------+--------+--------+--------+--------+-----+--------+
         Total |  18267 |  17899 |    368 |   1679 |  11939 |  19 |  961.4 |
       Dungeon |  14687 |  14342 |    345 |   1090 |   9991 |  15 |  979.1 |
        Temple |     50 |     50 |      0 |      0 |      9 |   1 |   50.0 |
          Lair |   3528 |   3506 |     22 |    589 |   1939 |   3 | 1176.0 |
               +--------+--------+--------+--------+--------+-----+--------+

Top non-repeatable levels by time:
     D:8: 2231 daAuts
  Lair:2: 1999 daAuts
    D:12: 1566 daAuts
     D:9: 1480 daAuts
    D:11: 1259 daAuts
     D:6: 1237 daAuts
     D:4: 1106 daAuts
     D:1: 1100 daAuts
     D:3: 1094 daAuts
  Lair:1: 970 daAuts
    D:10: 926 daAuts
     D:5: 890 daAuts
     D:7: 723 daAuts
     D:2: 651 daAuts
  Lair:3: 559 daAuts
